 Dungeon Crawl Stone Soup version 0.28.0-53-g5a82cb258f (webtiles) character file.

Game seed: 11486306947316909081

43 RevDB the Ducker (level 3, 0/27 HPs)
             Began as a Djinni Fire Elementalist on July 1, 2022.
             Slain by a goblin
             ... wielding a +0 dagger of venom
             ... led by Robin
              (1 damage)
             ... on level 2 of the Dungeon.
             The game lasted 00:14:07 (1065 turns).

RevDB the Ducker (Djinni Fire Elementalist)         Turns: 1065, Time: 00:14:10

Health: 0/27       AC:  2    Str:  6 (7)  XL:     3   Next: 82%
Gold:   62         EV: 12    Int: 13 (16) God:
                   SH:  0    Dex: 13 (15)

rFire   + + .      SeeInvis .   (no weapon)
rCold   x . .      Faith    .   (no shield)
rNeg    . . .      Spirit   .   a - +0 robe
rPois   ∞          Reflect  .   (no helmet)
rElec   .          Harm     .   (no cloak)
rCorr   .          Rampage  .   (no gloves)
Will    .....                   (boots unavailable)
Stlth   ++........              (no amulet)
HPRegen 0.09/turn               (no ring)
MPRegen 0.00/turn               (no ring)

@: flying, very slightly contaminated
A: sickness immunity, fire resistance 2, cold vulnerability 1, float, innate
caster, HP casting, extra vitality 1
a: no special abilities


You were on level 2 of the Dungeon.
You visited 1 branch of the dungeon, and saw 3 of its levels.

You collected 62 gold pieces.

Inventory:

Armour
 a - a +0 robe (worn)
 h - a +0 leather armour
Scrolls
 c - a scroll of identify {unknown}
 g - a scroll of enchant armour {unknown}
Potions
 b - 2 potions of heal wounds {unknown}
 d - a potion of resistance {unknown}
 e - a potion of mutation {unknown}


   Skills:
 + Level 1.5 Fighting
 + Level 3.0 Dodging
 - Level 1.5 Stealth
 + Level 2.8 Spellcasting


You couldn't memorise any spells.
You knew the following spells:

 Your Spells              Type           Power      Damage    Failure   Level
a - Foxfire               Conj/Fire      36%        2x1d5     8%          1
b - Scorch                Fire           18%        2d6       11%         2
c - Conjure Flame         Conj/Fire      9%         6-21      22%         3
d - Inner Flame           Hex/Fire       9%         N/A       22%         3
e - Flame Wave            Conj/Fire      9%         2d5       58%         4
f - Slow                  Hex            36%        N/A       8%          1
Your spell library was empty.

Dungeon Overview and Level Annotations

Branches:
Dungeon (3/15)

Altars:

Annotations:
D:2 Robin


Innate Abilities, Weirdness & Mutations

You are immune to sickness and miasma.
You are immune to poison.
Your flesh is very heat resistant. (rF++)
You are vulnerable to cold. (rC-)
You float through the air rather than walking.
You learn spells naturally, not from books.
Your magical power is your life essence.
You have superior vitality. (+4 MHP)


Message History

The floor.
There are monsters nearby!
Casting: Inner Flame (quite dangerous; 19% risk of failure)
Confirm with . or Enter, or press ? or * to list all spells.
Flames lash the goblin.
You kill the goblin!
You hear a shout!
A goblin comes into view. It is wielding a +0 dagger.
Robin throws the goblin at you!
The goblin hits you with a +0 dagger of venom.
You barely miss the goblin. The goblin barely misses you. x2
You closely miss the goblin. The goblin hits you but does no damage.
The goblin hits you with a +2 dagger of venom.
Casting: Scorch (safe; 9% risk of failure)
Confirm with . or Enter, or press ? or * to list all spells.
Flames lash the goblin.
You kill the goblin!
You hear a shout!
Robin throws the goblin at you!
A goblin comes into view. It is wielding a +0 club.
The goblin barely misses you.
Casting: Scorch (safe; 9% risk of failure)
Confirm with . or Enter, or press ? or * to list all spells.
You miscast Scorch.
You are very lightly contaminated with residual magic.
Nothing appears to happen.
* * * LOW HITPOINT WARNING * * *
The goblin barely misses you.
The goblin hits you with a +0 dagger of venom.
* * * LOW HITPOINT WARNING * * *
Casting: Scorch (safe; 9% risk of failure)
Confirm with . or Enter, or press ? or * to list all spells.
Okay, then.
It was a potion of degeneration.
There was something very wrong with that liquid.
You feel weakened.
You feel dopey.
You feel clumsy. The goblin hits you with a +0 dagger.
* * * LOW HITPOINT WARNING * * *
The goblin hits you with a +0 dagger of venom.
You die...

########g
#...g.ggg
#g# #g#
#)# #g#
#g# #@#
#g# #.#
#.# #.#
#.# #.#
#.# #.#
#.#######
#.#


You could see Robin, a hobgoblin and 3 goblins.

Vanquished Creatures
  2 adders
  A dart slug (D:1)
  5 ball pythons (D:1)
  2 endoplasms
  A giant cockroach (D:1)
  2 bats
  A frilled lizard (D:1)
  4 goblins
  4 kobolds
  A rat (D:1)
23 creatures vanquished.

Vanquished Creatures (others)
  52 foxfires
52 creatures vanquished.

Grand Total: 75 creatures vanquished

Notes
Turn   | Place    | Note
-------+----------+-------------------------------------------
     0 | D:1      | RevDB the Djinni Fire Elementalist began the quest for the
                  | Orb.
     0 | D:1      | Reached XP level 1. HP: 15/15 MP: 0/0
   282 | D:1      | Reached XP level 2. HP: 20/22 MP: 0/0
   450 | D:1      | Reached skill level 1 in Fighting
   607 | D:2      | Reached XP level 3. HP: 22/27 MP: 0/0
   607 | D:2      | Learned a level 1 spell: Slow
   984 | D:3      | Reached skill level 3 in Dodging
  1050 | D:2      | Noticed Robin
  1065 | D:2      | HP: 1/27 [goblin/+0 dagger[Robin] (2)]
  1065 | D:2      | Slain by a goblin

Illustrated notes

Levels and vault maps discovered:
D:1:      erik_arrival_orb_chamber, layout_basic, minmay_pentomino_z4
D:2:      layout_loops_ring, ebering_ecumenical_altar_mist, roderic_malta_cross,
          uniq_robin
D:3:      layout_basic, item_on_display_a

Skill      XL: |  1  2  3 |
---------------+----------+-----
Fighting       | 1 |  1.5
Dodging        | 3 |  3.0
Stealth        | |  1.5
Spellcasting   | |  2.8

Action                   || total
-------------------------++-------
Melee: Unarmed           ||     7
 Cast: Foxfire           ||    35
       Slow              ||     3
       Scorch            ||     2
       Inner Flame       ||     1
  Use: Potion            ||     1
Armor: Robe              ||     3
Dodge: Dodged            ||    22
